 Dungeon Crawl Stone Soup version 0.28-a0-983-g1de4e0787c (webtiles) character file.

Game seed: 13820834779761127303

87 Lavandula the Poker (level 4, -4/31 HPs)
             Began as an Octopode Chaos Knight on Dec 3, 2021.
             Was a Plaything of Xom.
             Slain by a gnoll (18 damage)
             ... on level 2 of the Dungeon.
             The game lasted 00:02:13 (1243 turns).

Lavandula the Poker (Octopode Chaos Knight)         Turns: 1243, Time: 00:02:14

Health: -4/31      AC:  1    Str: 13    XL:     4   Next: 51%
Magic:  4/4        EV: 13    Int: 14    God:    Xom [..*...]
Gold:   55         SH:  0    Dex: 11    Spells: 3/3 levels left

rFire   . . .      SeeInvis .   a - +0 spear (chaos)
rCold   . . .      Faith    .   (no shield)
rNeg    . . .      Spirit   .   (helmet restricted)
rPois   .          Reflect  .   d - amulet of the acrobat
rElec   .          Harm     .   (no ring)
rCorr   .          Rampage  .   (no ring)
Will    .....                   (no ring)
Stlth   ++........              (no ring)
HPRegen 0.10/turn               (no ring)
MPRegen 0.09/turn               (no ring)
                                (no ring)
                                (no ring)

@: no status effects
A: almost no armour, amphibious, 8 rings, camouflage 1, gelatinous body 1,
(nimble swimmer 1), tentacles
a: Renounce Religion


You were on level 2 of the Dungeon.
You worshipped Xom.
You were a toy of Xom.
You visited 1 branch of the dungeon, and saw 2 of its levels.

You collected 55 gold pieces.

Inventory:

Hand Weapons
 a - a +0 spear of chaos (weapon)
Missiles
 b - a throwing net (quivered)
Jewellery
 d - an amulet of the acrobat (around mantle)
Scrolls
 c - 2 scrolls of enchant weapon {unknown}
 f - a scroll of torment {unknown}
Potions
 e - 3 potions of degeneration {unknown}


   Skills:
 - Level 3.0 Fighting
 + Level 5.1 Polearms
 - Level 2.3 Dodging


You had 3 spell levels left.
You didn't know any spells.
Your spell library contained the following spells:

 Spells                   Type           Power      Damage    Failure   Level
 Gell's Gravitas          Tloc           0%         N/A       65%         3
 Teleport Other           Tloc           0%         N/A       65%         3
 Dispersal                Tloc           0%         N/A       100%        6


Dungeon Overview and Level Annotations

Branches:
Dungeon (2/15)

Altars:


Innate Abilities, Weirdness & Mutations

You cannot wear most types of armour.
You are amphibious.
You can wear up to eight rings at the same time.
Your skin changes colour to match your surroundings (Stealth+).
Your rubbery body absorbs attacks. (AC +1, EV +1)
((You are camouflaged near water. (Stealth+)))
You have tentacles for arms and can constrict up to eight enemies at once.


Message History

You kill the gnoll!
Your Polearms skill increases to level 5!
You reach to attack!
You hit the gnoll but do no damage. You hit the gnoll but do no damage.
The gnoll is poisoned.
Your grab misses the gnoll.
Xom titters.
The gnoll looks rather confused. x3; The gnoll completely misses you.
The gnoll hits the gnoll but does no damage.
The gnoll barely misses itself.
You hit the gnoll but do no damage.
The gnoll goes berserk!
Xom is amused.
You grab the gnoll.
You constrict the gnoll, but do no damage.
The gnoll closely misses you.
The gnoll hits the gnoll with a +0 halberd.
The gnoll hits the gnoll with a +0 flail of protection!
The gnoll is killed!
You hit the gnoll but do no damage.
The gnoll looks as sick as possible!
The gnoll is moderately wounded.
You constrict the gnoll.
The gnoll struggles to escape constriction.
You hit the gnoll but do no damage.
The gnoll flickers and vanishes!
Deactivating autopickup; reactivate with Ctrl-A.
Xom is amused.
You squeeze something. You constrict something.
The gnoll seems less confused.
Something hits you!
Reach: a) +0 spear (chaos)
Press: ? - help, Dir - move target, f - gnoll
Aim: a gnoll, wielding a +0 whip (about 35% to evade your +0 spear of chaos)
You reach to attack!
You hit the gnoll. You freeze the gnoll.
The gnoll is moderately wounded.
You constrict something. Something hits you.
Unknown command.
Reach: a) +0 spear (chaos)
Press: ? - help, Dir - move target, f/p - gnoll
Aim: a gnoll, wielding a +0 whip (moderately wounded, about 35% to evade your +0 spear of chaos)
Something you can't see is in the way.
You hit something but do no damage. You constrict something.
Something hits you!!
Ouch! That really hurt!
You die...

†......# #.## .......#
#..# .......#
#####.##### .......#
#......)..# ########
##.........# ###
####..........# #...
#.............#
#....#####.#############
#.>..g{@...#
#....####### #... ###


You could see a gnoll.

Vanquished Creatures
  2 adders (D:2)
  3 gnolls
  2 dart slugs (D:1)
  4 ball pythons
  2 endoplasms (D:2)
  A giant cockroach (D:2)
  5 goblins
  A hobgoblin (D:2)
  A quokka (D:1)
  2 bats (D:1)
  3 frilled lizards
  6 kobolds
  6 rats
38 creatures vanquished.

Notes
Turn   | Place    | Note
-------+----------+-------------------------------------------
     0 | D:1      | Lavandula the Octopode Chaos Knight began the quest for the
                  | Orb.
     0 | D:1      | Reached XP level 1. HP: 16/16 MP: 1/1
   114 | D:1      | XOM: divination: magic mapping
   128 | D:1      | Reached XP level 2. HP: 13/21 MP: 2/2
   133 | D:1      | XOM: divination: detect creatures
   445 | D:1      | Reached skill level 4 in Polearms
   627 | D:1      | Reached XP level 3. HP: 26/26 MP: 3/3
   847 | D:2      | XOM: cloud trail
   917 | D:2      | XOM: god gift: 16 stones
   963 | D:2      | XOM: divination: detect items
   972 | D:2      | Reached XP level 4. HP: 23/31 MP: 4/4
  1234 | D:2      | XOM: divination: detect items
  1237 | D:2      | Reached skill level 5 in Polearms
  1238 | D:2      | XOM: confuse monster(s)
  1243 | D:2      | Slain by a gnoll

Illustrated notes

Levels and vault maps discovered:
D:1:      amcnicky_arrival_flooded_fountain, layout_rooms, chequers_jeans
D:2:      layout_rooms

Skill      XL: |  1  2  3  4 |
---------------+-------------+-----
Polearms       | 4 5 |  5.1
Fighting       | |  3.0
Dodging        | |  2.3

Action                   |  1- 3 |  4- 6 || total
-------------------------+-------+-------++-------
Melee: Spear             |    72 |    20 ||    92
       Constrict         |    10 |     4 ||    14
       Tentacles         |     8 |     4 ||    12
 Stab: Paralysed         |     5 |       ||     5
       Sleeping          |     9 |       ||     9
Armor: Skin              |     2 |     1 ||     3
Dodge: Dodged            |    24 |     3 ||    27

Table legend: (Time is in decaauts)
 A = Elapsed time spent in this place.
 B = Non-inter-level travel time spent in this place.
 C = Inter-level travel time spent in this place.
 D = Time resting spent in this place.
 E = Time spent auto-exploring this place.
 F = Levels seen in this place.
 G = Mean time per level.
                   A        B        C        D        E       F      G
               +--------+--------+--------+--------+--------+-----+--------+
         Total |   1233 |   1177 |     56 |     75 |    880 |   2 |  616.5 |
       Dungeon |   1233 |   1177 |     56 |     75 |    880 |   2 |  616.5 |
               +--------+--------+--------+--------+--------+-----+--------+

Top non-repeatable levels by time:
     D:1: 746 daAuts
     D:2: 487 daAuts
